 Dungeon Crawl Stone Soup version 0.31.0-1-g2c135a0 (webtiles) character file.

Game seed: 1265684759478677030

249 mezmerelda the Cleaver (level 6, -4/51 HPs)
             Began as a Hill Orc Fighter on Feb 9, 2024.
             Slain by a black bear (5 damage)
             ... on level 5 of the Dungeon.
             The game lasted 00:03:52 (1144 turns).

mezmerelda the Cleaver (Hill Orc Fighter)           Turns: 1144, Time: 00:03:53

Health: -4/51      AC:  6    Str: 21    XL:     6   Next: 12%
Magic:  6/6        EV:  9    Int:  8    God:
Gold:   100        SH:  4    Dex: 10    Spells: 5/5 levels left

rFire   . . .        a - +0 war axe
rCold   . . .        c - +0 buckler
rNeg    . . .        b - +0 scale mail
rPois   .            (no helmet)
rElec   .            (no cloak)
rCorr   .            (no gloves)
SInv    .            (no boots)
Will    .....        (no amulet) Stlth
                     (no ring)
HPRegen 0.28/turn    (no ring)
MPRegen 0.10/turn

%: no passive effects
@: no status effects
A: no striking features
a: no special abilities


You were on level 5 of the Dungeon.
You visited 1 branch of the dungeon, and saw 5 of its levels.

You collected 100 gold pieces.

Inventory:

Hand Weapons
 a - a +0 war axe (weapon)
 e - a +0 mace
 i - a +1 dagger of electrocution
Armour
 b - a +0 scale mail (worn)
 c - a +0 buckler (worn)
Wands
 g - a wand of iceblast (11)
Scrolls
 h - a scroll of identify {unknown}
 j - a scroll of silence {unknown}
 l - a scroll of fear {unknown}
 m - a scroll of summoning {unknown}
Potions
 d - 2 potions of might
 f - a potion of lignification {unknown}
 k - 2 potions of brilliance {unknown}


   Skills:
 - Level 3.6 Fighting
 + Level 8.2 Axes
 - Level 3.2 Armour
 - Level 3.2 Shields


You had 5 spell levels left.
You didn't know any spells.
Your spell library was empty.

Dungeon Overview and Level Annotations

Branches:
Dungeon (5/15)
 Temple: D:4-7

Altars:

Shops:
D:4 (

Annotations:
D:5 Dowan, Duvessa


Message History

You block the black bear's attack. The black bear claws you.
You hit the black bear.
The black bear is heavily wounded.
The black bear bites you. The black bear closely misses you.
The black bear claws you but does no damage.
The black bear closely misses you. The black bear claws you. x2
You hit the black bear.
The black bear is severely wounded.
The black bear goes berserk!
You barely miss the black bear.
The black bear is severely wounded.
The black bear bites you.
The black bear claws you but does no damage.
The black bear claws you.
You barely miss the black bear.
The black bear is severely wounded.
The black bear bites you!
The black bear claws you but does no damage.
The black bear closely misses you. The black bear bites you.
The black bear claws you. The black bear closely misses you.
You barely miss the black bear.
The black bear is severely wounded.
The black bear bites you!
The black bear claws you but does no damage.
The black bear closely misses you. The black bear misses you.
The black bear claws you.
* * * LOW HITPOINT WARNING * * *
The black bear claws you but does no damage.
You closely miss the black bear.
The black bear is severely wounded.
The black bear bites you!
* * * LOW HITPOINT WARNING * * *
The black bear claws you but does no damage.
The black bear closely misses you.
You hit the black bear.
The black bear is severely wounded.
The black bear closely misses you. The black bear claws you.
* * * LOW HITPOINT WARNING * * *
The black bear completely misses you. The black bear bites you.
You die...

#####
####...#######
#.............
##.........###
##......@.....##
#.......h......#
#...............
................
................
................
#......)........
#...............
................


You could see a black bear (berserk).

Vanquished Creatures
  A black bear (D:4)
  A howler monkey (D:3)
  A bombardier beetle (D:4)
  A hound (D:4)
  A sleepcap (D:4)
  An adder (D:5)
  A ribbon worm (D:4)
  2 orcs (D:4)
  2 ball pythons
  An endoplasm (D:3)
  A giant cockroach (D:2)
  2 goblins
  A hobgoblin (D:1)
  A jackal (D:4)
  4 kobolds
  A quokka (D:2)
  A bat (D:2)
23 creatures vanquished.

Notes
Turn   | Place    | Note
-------+----------+-------------------------------------------
     0 | D:1      | mezmerelda the Hill Orc Fighter began the quest for the
                  | Orb.
     0 | D:1      | Reached XP level 1. HP: 19/19 MP: 1/1
    24 | D:1      | Reached skill level 3 in Axes
   178 | D:2      | Reached XP level 2. HP: 22/26 MP: 2/2
   219 | D:2      | Identified the +6 long sword of Fedhas, Slashing {pain,
                  | Stlth+}
   364 | D:4      | Noticed a bombardier beetle
   375 | D:4      | Reached skill level 4 in Axes
   386 | D:4      | Found Tyupohe's Antique Weapon Shoppe.
   387 | D:4      | Noticed a howler monkey
   411 | D:3      | Killed a howler monkey
   412 | D:3      | Reached skill level 5 in Axes
   412 | D:3      | Reached XP level 3. HP: 16/31 MP: 3/3
   482 | D:4      | Reached skill level 6 in Axes
   482 | D:4      | Reached XP level 4. HP: 39/39 MP: 4/4
   664 | D:4      | Reached XP level 5. HP: 45/45 MP: 5/5
   703 | D:4      | Noticed a black bear
   718 | D:4      | Killed a black bear
   719 | D:4      | Reached skill level 7 in Axes
   876 | D:5      | Entered Level 5 of the Dungeon
   927 | D:5      | Noticed Duvessa
   927 | D:5      | Noticed Dowan
  1003 | D:5      | Reached skill level 8 in Axes
  1003 | D:5      | Reached XP level 6. HP: 51/51 MP: 6/6
  1130 | D:5      | Noticed a black bear
  1143 | D:5      | HP: 2/51 [black bear (11)]
  1144 | D:5      | Slain by a black bear

Illustrated notes

Levels and vault maps discovered:
D:1:      dpeg_arrival_tiny_i, layout_rooms, hellmonk_ecumenical_altar_lost_god,
          serial_shops, nicolae_lakefront_shop
D:2:      layout_rooms, kennysheep_generic_room_10
D:3:      layout_rooms, roderic_lattice_a, grunt_ministairs_7, uniq_robin
D:4:      cheibrodos_old_hovel, layout_layer_cave, serial_bayou_pond_a,
          nicolae_stop_n_shop_1
D:5:      layout_cave_pods, minmay_a_box_with_orc_wizards_in_it, uniq_duvessa

Skill      XL: |  1  2  3  4  5 |
---------------+----------------+-----
Axes           | 3 5 6 8 |  8.2
Fighting       | |  3.6
Armour         | |  3.2
Shields        | |  3.2

Action                     |  1- 3 |  4- 6 || total
---------------------------+-------+-------++-------
  Melee: War axe           |    58 |    58 ||   116
 Armour: Scale mail        |    40 |    57 ||    97
  Dodge: Dodged            |    34 |    32 ||    66
  Block: Buckler           |    19 |    13 ||    32
